Cogmind - Beta 15 @@@ ROGUE MODE // 2025.05.08 @ 19:26:50 Player: 7604 Result: Destroyed by as-87766 with Assembled Maul Performance ------------- Evolutions (0) 0 Regions Visited (4) 800 Robots Destroyed (34) 170 Value Destroyed (655) 655 Prototype IDs (27) 540 Alien Tech Used (0) 0 Bonus (300) 300 TOTAL SCORE: 2465 Bonus ------- Aligned with FarCom 300 Cogmind --------- Core Integrity 0/250 Matter 210/300 Energy 79/100 System Corruption 5% Temperature Cool (0) Movement Treading (240) Ox1 Location -9/Mines Parts ------- > --- POWER (1) -------- (None) > --- PROPULSION (2) --- Light Treads Light Treads > --- UTILITY (2) ------ High-capacity Storage Unit > --- WEAPON (2) ------- EM Pulse Gun > --- INVENTORY (20) --- Light Nuclear Core Structural Scanner Improved Terrain Scanner Seismic Detector Seismic Detector ECM Suite Splice Drone Bay (6/6) Small Laser Small Laser Field Lobotomy Kit (5) Mining Laser Mace Peak State ------------ > --- POWER ------------ Light Nuclear Core > --- PROPULSION ------- Light Treads Light Treads > --- UTILITY ---------- High-capacity Storage Unit Splice Drone Bay > --- WEAPON ----------- Medium Laser Small Laser > --- INVENTORY -------- Light Nuclear Core Light Treads Light Treads Structural Scanner Improved Terrain Scanner Seismic Detector Seismic Detector ECM Suite Light Armor Plating EM Pulse Gun Small Laser Grenade Launcher Field Lobotomy Kit Mining Laser Mace [Rating: 17] Favorites ----------- Power Light Nuclear Core Engine Ion Engine Power Core Light Nuclear Core Propulsion Light Treads Treads Light Treads Utility Seismic Detector Device Seismic Detector Storage High-capacity Storage Unit Protection Light Armor Plating Weapon Small Laser Energy Gun Small Laser Ballistic Gun Assault Rifle Launcher Grenade Launcher Special Weapon Mining Laser Impact Weapon Mace Build | -11 -10 -10 -10 -9 ------- Run | Yrd Mat Min Exi Min Slots Evolved . | . . . . . Power . | . . . . . Propulsion . | . . . . . Utility . | . . . . . Weapon . | . . . . . Parts Attached 22 | 7 9 2 . 4 Power 2 | 1 1 . . . Engine 1 | 1 . . . . Core 1 | . 1 . . . Reactor . | . . . . . Propulsion 4 | 2 1 . . 1 Treads 4 | 2 1 . . 1 Leg . | . . . . . Wheel . | . . . . . Hover . | . . . . . Flight . | . . . . . Utility 8 | 2 4 . . 2 Device 5 | 1 3 . . 1 Storage 2 | 1 1 . . . Processor . | . . . . . Hackware . | . . . . . Protection 1 | . . . . 1 Artifact . | . . . . . Weapon 8 | 2 3 2 . 1 Energy Gun 4 | 1 1 1 . 1 Energy Cannon . | . . . . . Ballistic Gun 1 | 1 . . . . Ballistic Cannon . | . . . . . Launcher 1 | . . 1 . . Special Weapon 1 | . 1 . . . Impact Weapon 1 | . 1 . . . Slashing Weapon . | . . . . . Piercing Weapon . | . . . . . Special Melee Weapon . | . . . . . Unidentified Prototypes 1 | . . . . 1 Parts Lost 9 | . 3 . . 6 Power 1 | . . . . 1 Propulsion 2 | . . . . 2 Utility 3 | . 2 . . 1 Weapon 3 | . 1 . . 2 Highest Loss Streak 6 | . 1 . . 6 To Critical Strikes . | . . . . . Average Backups 11 | 3 9 13 13 14 Power 1 | . 1 1 1 1 Propulsion 1 | . 1 2 2 1 Utility 4 | 1 4 5 5 5 Weapon 3 | 1 3 5 5 5 Tool/Special . | . . . . . Unused Backups 6 | . 1 . . 5 Power 2 | . 1 . . 1 Propulsion . | . . . . . Utility 3 | . . . . 3 Weapon . | . . . . . Tool/Special 1 | . . . . 1 Average Slot Usage (%) 100 | . 100 100 100 100 Engine 2 | . 4 . . . Core 11 | . 9 14 14 14 Treads 28 | . 28 28 28 28 Device 14 | . 14 14 14 14 Storage 14 | . 14 14 14 14 Energy Gun 20 | . 14 27 28 27 Ballistic Gun 6 | . 12 . . . Peak Build Rating 17 | 7 12 10 13 17 Average Rating 9 | 6 9 10 10 13 On Entrance 8 | . 7 10 10 13 Naked Turns . | . . . . . Heaviest Build 51 | 14 49 49 49 51 Greatest Support 40 | 40 40 40 40 40 Greatest Overweight (x) 3 | 3 1 1 1 1 Average Overweight (x) . | . . 1 1 1 Largest Inventory Capacity 20 | 8 20 20 20 20 Average Capacity 17 | 7 15 20 20 20 Most Carried 15 | 7 13 13 14 15 Average Carried 11 | 3 9 13 13 14 Final Capacity 20 | 8 20 20 20 20 Final Carried 14 | 7 13 13 14 12 Class Distribution -------------------- 90% | Mutant 9% | Skirmisher Dominant Class ---------------- Mutant | -10/Materials Mutant | -10/Mines Mutant | -10/Exiles Skirmisher | -9/Mines Resources | -11 -10 -10 -10 -9 ----------- Run | Yrd Mat Min Exi Min Matter Collected 656 | 321 245 60 . 30 Remotely . | . . . . . Salvage Created 1042 | 239 501 98 . 204 Parts 79 | 37 28 6 . 8 Haulers Intercepted 1 | . 1 . . . Recyclers Shooed 2 | . 1 . . 1 Parts Field Recycled . | . . . . . Retrieved Matter . | . . . . . Parts Self-Destructed . | . . . . . Prevented . | . . . . . Kills | -11 -10 -10 -10 -9 ------- Run | Yrd Mat Min Exi Min Combat Hostiles Destroyed 23 | . 10 5 . 8 Guns 13 | . 9 2 . 2 AOE 9 | . . 3 . 6 Classes Destroyed 7 | 2 3 1 . 1 Tunneler 9 | 9 . . . . Hauler 1 | . 1 . . . Recycler 3 | 1 . . . 2 Operator 2 | . 2 . . . Swarmer 7 | . . 3 . 4 Grunt 12 | . 10 2 . . Assembled 4 | . . . . 4 Best Kill Streak 6 | 2 2 3 . 6 Combat Bots Only 4 | . 2 3 . 4 Max Kills in Single Turn 4 | 1 1 2 . 4 Gunslinging . | . . . . . Exploded 2 | . . 2 . 2 Melee . | . . . . . Uniques/NPCs Destroyed . | . . . . . Combat | -11 -10 -10 -10 -9 -------- Run | Yrd Mat Min Exi Min Hostile Shots Fired 110 | . 53 20 . 37 Missed 28 | . 13 7 . 8 Hits 82 | . 40 13 . 29 Melee 14 | . . . . 14 Projectile 68 | . 40 13 . 15 Critical Strikes 3 | . 1 1 . 1 Damage Taken 1296 | . 519 171 . 606 Core 256 | . 82 10 . 164 Absorbed by Shields . | . . . . . Core Remaining (%) 100 | 100 . . . . Volleys Fired 93 | 17 50 15 . 11 Largest 2 | 2 2 2 . 2 Hottest 100 | 60 100 90 . 90 Shots Fired 170 | 34 96 25 . 15 Gun 158 | 34 92 22 . 10 Cannon . | . . . . . Launcher 8 | . . 3 . 5 Special 4 | . 4 . . . Kinetic 63 | 17 46 . . . Thermal 98 | 17 50 22 . 9 Explosive 8 | . . 3 . 5 Electromagnetic 1 | . . . . 1 Robot Hit Streak 11 | 11 10 3 . 4 Robot Miss Streak 3 | 1 2 3 . 2 Penetration Max . | . . . . . Secondary Targets 1 | . 1 . . . Max Gunslinging Chain 1 | . 1 . . . Shots Hit Robots 105 | 22 63 14 . 6 Core Hits 66 | 10 28 10 . 18 Critical Kills . | . . . . . Critical Parts Destroyed 1 | . 1 . . . Critical Strikes 1 | . 1 . . . Smash 1 | . 1 . . . Melee Attacks 2 | . 2 . . . Impact 2 | . 2 . . . Slashing . | . . . . . Piercing . | . . . . . Sneak Attacks . | . . . . . Combat Hostiles . | . . . . . Follow-up Attacks . | . . . . . Damage Inflicted 1999 | 254 757 328 . 660 Guns 1187 | 254 704 153 . 76 Cannons . | . . . . . Explosions 759 | . . 175 . 584 Melee 45 | . 45 . . . Ramming 8 | . 8 . . . Kinetic 437 | 96 341 . . . Thermal 740 | 158 363 153 . 66 Explosive 759 | . . 175 . 584 Electromagnetic 10 | . . . . 10 Impact 45 | . 45 . . . Slashing . | . . . . . Piercing . | . . . . . Highest Corruption 5 | . . . . 5 Average Corruption 5 | . . . . 5 Corruption Purged . | . . . . . Corruption Blocked . | . . . . . Overload Shots . | . . . . . Overflow Damage 62 | . 45 . . 17 Projectiles . | . . . . . Explosions 17 | . . . . 17 Melee 45 | . 45 . . . Knockbacks . | . . . . . Impact . | . . . . . Kinetic . | . . . . . Secondary . | . . . . . Self-Inflicted Damage 97 | . . 19 . 78 Shots 5 | . . 1 . 4 Rammed 2 | . 2 . . . Targets Rammed 2 | . 2 . . . Kicked . | . . . . . Crushed . | . . . . . Highest Temperature 243 | . 90 243 . 144 Average Temperature 51 | . 25 116 . 62 Received Heat Transfer 412 | . 309 63 . 40 Effects 3 | . . 3 . . Interference 3 | . . 3 . . Siege Activations . | . . . . . Martial Activations . | . . . . . Shielding Activations . | . . . . . Robots Disrupted . | . . . . . Combat Hostiles . | . . . . . Robots Corrupted 1 | . 1 . . . Combat Hostiles 1 | . 1 . . . Parts Fried . | . . . . . Impact Corruptions 1 | . 1 . . . Robots Melted . | . . . . . Combat Hostiles . | . . . . . Parts Melted 2 | . . . . 2 Heat Transferred 1746 | 350 850 385 . 161 Parts Sabotaged . | . . . . . Parts Stolen . | . . . . . Parts Stripped . | . . . . . Power Chain Reactions . | . . . . . Alert | -11 -10 -10 -10 -9 ------- Run | Yrd Mat Min Exi Min Maximum Alert Level . | . . . . . Low Security (%) 100 | 100 100 100 . 100 Level 1 . | . . . . . Level 2 . | . . . . . Level 3 . | . . . . . Level 4 . | . . . . . Level 5 . | . . . . . High Security . | . . . . . Max Security . | . . . . . Peak Influence 106 | 10 76 106 . 87 Initial 17 | . . 17 . . Average 13 | 1 12 18 . 15 Influence Increases 699 | 50 371 154 . 124 Destroy 0b10 Robot/C 380 | . 200 100 . 80 Destroy 0b10 Robot/NC 75 | 50 15 . . 10 Destroy Leader 92 | . 62 20 . 10 Successful Hack 13 | . 13 . . . Select Force Hacks 60 | . 60 . . . Disable Machine 15 | . 15 . . . Destroy Structure 49 | . 6 19 . 24 Lose Combat Pursuer 15 | . . 15 . . Influence Decreases 685 | 50 326 199 . 110 Entered New Map 28 | . . 28 . . Time Decay 577 | 50 306 171 . 50 Lost Part 80 | . 20 . . 60 Squads Dispatched 6 | . 6 . . . Investigation 4 | . 4 . . . Extermination . | . . . . . Reinforcement 2 | . 2 . . . Assault . | . . . . . Garrison . | . . . . . Intercept . | . . . . . Searches Triggered . | . . . . . Construction Impeded . | . . . . . Haulers Reinforced . | . . . . . Active Scanning Responses . | . . . . . Cargo Convoy Interrupts . | . . . . . Stealth | -11 -10 -10 -10 -9 --------- Run | Yrd Mat Min Exi Min Distress Signals . | . . . . . Communications Jammed . | . . . . . Distress Signals . | . . . . . Times Spotted 32 | . 12 6 . 14 Peak Tracking Total 8 | . 2 3 . 8 Tactical Retreats 1 | . . 1 . . Traps | -11 -10 -10 -10 -9 ------- Run | Yrd Mat Min Exi Min Traps Triggered 1 | . 1 . . . Indirectly . | . . . . . Trap Hack Attempts . | . . . . . Triggered . | . . . . . Disarmed . | . . . . . Reprogrammed . | . . . . . Reused . | . . . . . Traps Extracted . | . . . . . Installed . | . . . . . Triggered . | . . . . . Machines | -11 -10 -10 -10 -9 ---------- Run | Yrd Mat Min Exi Min Machines Disabled 1 | . 1 . . . Max in Single Turn 1 | . 1 . . . Machines Repaired . | . . . . . Machines Dismantled . | . . . . . Machines Sabotaged . | . . . . . Overloaded Fab Kills . | . . . . . Hacking | -11 -10 -10 -10 -9 --------- Run | Yrd Mat Min Exi Min Machines Accessed 11 | . 8 . 2 1 Terminals 6 | . 6 . . . Fabricators . | . . . . . Repair Stations . | . . . . . Recycling Units 2 | . 2 . . . Scanalyzers . | . . . . . Garrison Access . | . . . . . Total Hacks 31 | . 25 . 5 1 Successful 18 | . 12 . 5 1 Failed 13 | . 13 . . . Catastrophic 1 | . 1 . . . Database Lockouts . | . . . . . Manual 13 | . 12 . 1 . Terminals 19 | . 19 . . . Fabricators . | . . . . . Repair Stations . | . . . . . Recycling Units 6 | . 6 . . . Scanalyzers . | . . . . . Garrison Access . | . . . . . Terminal Hacks 12 | . 6 . 5 1 Record 4 | . . . 4 . Robot Schematic 1 | . 1 . . . Robot Analysis 2 | . 2 . . . Prototype ID Bank 1 | . 1 . . . Open Door 1 | . . . . 1 Locate Traps 1 | . 1 . . . Hauler Manifests 1 | . 1 . . . Proto ID Catalog 1 | . . . 1 . Fabricator Hacks . | . . . . . Repair Station Hacks . | . . . . . Recycling Unit Hacks 2 | . 2 . . . Retrieve Components 2 | . 2 . . . Scanalyzer . | . . . . . Garrison Access Hacks . | . . . . . Unauthorized Hacks 4 | . 4 . . . Terminals 2 | . 2 . . . Botnet 2 | . 2 . . . Fabricators . | . . . . . Repair Stations . | . . . . . Recycling Units 2 | . 2 . . . Tunnel 2 | . 2 . . . Scanalyzers . | . . . . . Garrison Access . | . . . . . Data Cores Recovered . | . . . . . Used . | . . . . . Hacking Detections 8 | . 8 . . . Full Trace Events 1 | . 1 . . . Feedback Events . | . . . . . Feedback Blocked . | . . . . . Robot Schematics Acquired 1 | . 1 . . . Robots Built . | . . . . . Authchips . | . . . . . Time . | . . . . . Total Robot Build Rating . | . . . . . Part Schematics Acquired . | . . . . . Parts Built . | . . . . . Authchips . | . . . . . Time . | . . . . . Total Part Build Rating . | . . . . . Parts Repaired . | . . . . . Time . | . . . . . Parts Recycled . | . . . . . Recycled Matter . | . . . . . Retrieved Matter . | . . . . . Retrieved Components 10 | . 10 . . . Parts Scanalyzed . | . . . . . Part Schematics Acquired . | . . . . . Parts Damaged . | . . . . . Bothacking | -11 -10 -10 -10 -9 ------------ Run | Yrd Mat Min Exi Min Used RIF Installer . | . . . . . Robots Hacked . | . . . . . Non-combat . | . . . . . Combat . | . . . . . Robot Hacks Applied . | . . . . . Relay Couplers Released . | . . . . . Fabnet Peak Effective % . | . . . . . Robots Rewired . | . . . . . Allies Hacked . | . . . . . Hacks Repelled . | . . . . . Allies | -11 -10 -10 -10 -9 -------- Run | Yrd Mat Min Exi Min Total Allies . | . . . . . Largest Group . | . . . . . Highest-Rated Group . | . . . . . Highest-Rated Ally . | . . . . . Total Orders . | . . . . . Ally Attacks . | . . . . . Total Damage . | . . . . . Kills . | . . . . . Allies Corrupted . | . . . . . Allies Melted . | . . . . . Intel | -11 -10 -10 -10 -9 ------- Run | Yrd Mat Min Exi Min Active Infowar (turns) 5021 | 303 2476 846 913 483 Terrain 530 | . 45 . 2 483 Seismic 4491 | 303 2431 846 911 . Robot Analysis Total 2 | . 2 . . . Derelict Logs Recovered 2 | . . 2 . . Drone Launches . | . . . . . Drone Recoveries . | . . . . . Exploration | -11 -10 -10 -10 -9 ------------- Run | Yrd Mat Min Exi Min Turns Passed 5106 | 378 2477 846 913 492 Spaces Moved 1963 | 195 875 325 380 188 Core 8 | 8 . . . . Treads 1955 | 187 875 325 380 188 Legs . | . . . . . Wheels . | . . . . . Hover . | . . . . . Flight . | . . . . . Fastest Speed 50 | 50 160 240 240 240 Average Speed 221 | 159 216 240 240 240 Slowest Speed 240 | 200 240 240 240 240 Overloaded Moves . | . . . . . Propulsion Burnouts . | . . . . . Robots Hopped . | . . . . . Potential Cave-ins . | . . . . . Cave-ins Triggered . | . . . . . Exploration Rate (%) 58 | 10 98 61 88 37 Regions Visited 4 Branch Regions 3 Pre-discovered Areas 3 | . 2 . 1 . Known Exits Taken . | . . . . . Unknown Exits Taken 4 | 1 1 1 1 . Scrap Searched 1 | . . 1 . . Spaces Dug 52 | . 5 17 . 30 Terrain Destroyed 60 | . 5 25 . 30 Melee 1 | . 1 . . . Projectile 4 | . 4 . . . AOE 55 | . . 25 . 30 Terrain Rammed . | . . . . . Walls Destroyed . | . . . . . Machines Disabled . | . . . . . Actions | -11 -10 -10 -10 -9 --------- Run | Yrd Mat Min Exi Min Total 2527 | 225 1346 365 381 210 Wait 416 | . 392 23 . 1 Move 1959 | 194 874 324 379 188 Hop . | . . . . . Pick Up 18 | 7 9 . 1 1 Fast Attach 8 | 7 1 . . . Attach 6 | . 3 . . 3 Detach 1 | . 1 . . . Swap 18 | . 8 3 1 6 Drop 4 | . 4 . . . Fire 93 | 17 50 15 . 11 Melee 2 | . 2 . . . Ram . | . . . . . Kick . | . . . . . Crush 2 | . 2 . . . Escape Stasis . | . . . . . Rewire . | . . . . . Trap . | . . . . . Miscellaneous . | . . . . . Route ------- -11/Scrapyard -10/Materials (discovered 4 exits: *Mat x3 / [*Min]) -10/Mines (discovered 3 exits: *Mat x2 / *Exi) -10/Exiles (discovered 2 exits: *Min x2) -9/Mines History --------- Turn | Location | Event 11 | -11/Scrapyard | Discovered new exit (range 15) 379 | -11/Scrapyard | Entered Materials 380 | -10/Materials | Build established: Mutant 1129 | -10/Materials | Discovered new exit (range 12) 1521 | -10/Materials | Discovered new exit (range 10) 1742 | -10/Materials | Discovered new exit (range 11) 2297 | -10/Materials | Discovered new exit (range 5) 2856 | -10/Materials | Entered Mines 2940 | -10/Mines | Discovered new exit (range 9) 3230 | -10/Mines | Learned 4 Materials zone layouts 3235 | -10/Mines | Identified exit to Materials 3683 | -10/Mines | Excavation squad dispatched 3683 | -10/Mines | A large section of the Mines collapsed 3692 | -10/Mines | Deemed a non-threat by the Exiles lab entrance 3692 | -10/Mines | Discovered new exit (range 5) 3702 | -10/Mines | Entered Exiles 3738 | -10/Exiles | Discovered new exit (range 15) 3760 | -10/Exiles | Met 8R-AWN 3801 | -10/Exiles | Met EX-HEX 3873 | -10/Exiles | Met EX-BIN 3899 | -10/Exiles | Aligned with FarCom system 3902 | -10/Exiles | Given EX-Vault access code 3957 | -10/Exiles | Opened EX-Vault 3974 | -10/Exiles | Found Field Lobotomy Kit 4020 | -10/Exiles | Warned to stay clear of 0b10 Research branches 4092 | -10/Exiles | Met EX-DEC 4107 | -10/Exiles | Learned location of Zion (-6) 4235 | -10/Exiles | Visited The Gauntlet 4584 | -10/Exiles | Discovered new exit (range 12) 4615 | -10/Exiles | Left Exiles lab with Field Lobotomy Kit 4615 | -10/Exiles | Entered Mines 4725 | -9/Mines | Found the Drone Emporium 4746 | -9/Mines | Found Prototype Device 4747 | -9/Mines | Identified Splice Drone Bay 4922 | -9/Mines | Build established: Skirmisher 5062 | -9/Mines | Assembled infested the area 5067 | -9/Mines | Assisted by a Guerilla fighting off Assembled 5096 | -9/Mines | Core integrity fell below 50% 5099 | -9/Mines | Core integrity fell below 20% 5107 | -9/Mines | Destroyed by as-87766 with Assembled Maul Last Messages --------------- need to get out of here! I've been tracking a group of Assembled to figure out where they're coming from, and they're closing on this area, come on!" 05087_ as-91914 destroyed. 05094_ as-52096 destroyed. 05094_ Com. Wheel melted. 05094_ R-06 Scavenger destroyed. 05094_ Destroyed Asb. F-torch. 05094_ as-18062 destroyed. 05094_ R-06 Scavenger destroyed. 05096_ Lgt. Treads destroyed. 05098_ as-28815 destroyed. 05098_ Destroyed Asb. F-torch. 05101_ Lgt. Nuclear Core destroyed. 05102_ Grenade Launcher destroyed. 05104_ Med. Laser destroyed. 05104_ System corrupted by crushing effect (+5). 05105_ as-55064 destroyed. 05106_ Lgt. Armor Plating destroyed. Map ----- +----------------------------------------------------+ | | | ????????????????????????????????????????#?#??????? | | ?????????????????????????????????????????????????? | | ????????????????????????????????###########?###### | | ????????????????????????????????# #?### | | ????????????????????????????????# #### | | ????????????????????????????????# """ | | ????????????????????????????????# """ #### | | ????????????????????????????????? """ #??# | | ????????????????????????????????# #?## | | ????????????????????????????????###########?# | | ?????????????????????????????????????????#??# | | ???????????????????????###??????????????#???## | | ???????????????????? ??? ##???????#?????????#### | | ???????????????????????? ##???????????######### | | ???????????????????????? ##?????????## | | ???????????????????????# ###??????### | | ?????????????????????#??# ##???????# ####### | | ?????????????????#????#?# #???#??## #?#?#?? | | ????????????????????????# #???#?#?# #???#?? | | ?????????????????#???#### ##????#?# #????## | | ??????????? ####### ##??#?## #???#?? | | ??????????????# $* ##????# ##????? | | ??????????????# a % ##??## #?##### | | ??????????????# ###### %aa*= #?## ### ## | | ??????????????????????# @a[%= #?# ## # | | ??????????????????????## %[ ##?# | | ???????????????#???????### ! ##?## """ | | ??????????????????#?????#?# k#### """ | | ???????????#??????????????## ## """ # | | ?????????????????? ????????# ## | | ???????????????????????????## ##? | | ????????????????????????????## ##% ####? | | ????????????#????????#??#???## ### ###?#?? | | ?????????????????????????????# ####### #????? | | ????????????????????????? ???# d ???# #?#??# | | ?????????????????????????????# d ?# %[ #????? | | ?????????????????????????????# ## ##????# | | ?????????????????????????? ??### # [ # #?#?#?# | | ????????????????????? ?????????? # ###?????# | | ????????????????????????????#??? # # [ ?????##?# | | ???????????????????????????##??? #?# %= ???#???## | | ???????????????????????????????? #? = ??????#?? | | ?????????????????????#?????????? ? ???????? | | ???????????????????????????????? ?????#??? | | ???????????????????????????????? ????????? | | ??????????????????????????????? ?????#??# | | ???????????????????????????????? ??????#??? | | ?????????????????????????????? ??? ?????????? | | ????????????????????????????????????? #?????????? | +----------------------------------------------------+ Best States ------------- Heat Dissipation 25 Energy Generation 14 Energy Capacity 250 Matter Stores 300 Matter Capacity 300 Sight Range 16 Terrain Scan Range 16 Terrain Scan Density 10 Evasion (%) 40 Recoil Reduction 2 Item Schematics ----------------- None Robot Schematics ------------------ M-13 Machinist | -10/Materials | Hacked Fabricated ------------ Nothing Repaired ---------- Nothing Alien Tech Used ----------------- None Achievements -------------- None Challenges ------------ None Game ------ Seed BeamShadingDerivative Manual? 0 Play Time 00:21:24 Cumulative 350.8 hours Start 2025.05.08 @ 19:06:18 End 2025.05.08 @ 19:26:50 Sessions 1 Manual Loads 0 Difficulty Rogue Special Mode None Game No. 173 Rogue 110 Adventurer 63 Explorer 0 Win Type - Total 8 Types 7/0/0/1/0/0/0/0/0/0 Lore% 82 Gallery% 73 Achievement% 63 Wizard Run 0 Options --------- Layout 2 ASCII 0 Keyboard 1 Movement Numpad Keybinds 0 Fullscreen 1 Font 24/Terminus Map View 50x44 Zoom Use 0% Tactical HUD 1 Map Filters NONE Filters NONE Steam 1 RUN: 25ce763c-63cd-428d-a87d-13e57aeaa00d